 Dungeon Crawl Stone Soup version 0.21-a0-401-g0b6bec4 (webtiles) character file.

275 kae the Digger (level 6, -6/32 HPs)
             Began as a Gargoyle Earth Elementalist on Oct 25, 2017.
             Was a Follower of Vehumet.
             Mangled by a gnoll
             ... wielding a +4 halberd
              (13 damage)
             ... on level 4 of the Dungeon.
             The game lasted 00:04:19 (3852 turns).

kae the Digger (Gargoyle Earth Elementalist)        Turns: 3852, Time: 00:04:20

Health: -6/32      AC:  8    Str: 11 (12) XL:     6   Next: 24%
Magic:  0/11       EV: 12    Int: 14 (17) God:    Vehumet [*.....]
Gold:   158        SH:  0    Dex: 10      Spells: 8/12 levels left

rFire    . . .     SeeInvis .   a - +0 club
rCold    . . .     Gourm    .   (no shield)
rNeg     + . .     Faith    .   c - +0 robe
rPois    ∞         Spirit   +   (no helmet)
rElec    +         Reflect  .   n - +0 cloak
rCorr    .         Harm     .   q - +0 pair of gloves
MR       .....                  (no boots)
Stlth    ++........             t - amulet of guardian spirit
HPRegen  0.10/turn              (no ring)
MPRegen  0.12/turn              (no ring)

@: flying
A: negative energy resistance 1, electricity resistance, unbreathing,
petrification resistance, rot immunity, AC +4
a: Renounce Religion


You were on level 4 of the Dungeon.
You worshipped Vehumet.
Vehumet was aware of your devotion.
You were not hungry.

You visited 1 branch of the dungeon, and saw 4 of its levels.

You collected 158 gold pieces.

Inventory:

Hand Weapons
 a - a +0 club (weapon)
Missiles
 b - a stone (quivered)
Armour
 c - a +0 robe (worn)
 n - a +0 cloak (worn)
 q - a +0 pair of gloves (worn)
Jewellery
 t - an amulet of guardian spirit (around neck)
Wands
 j - a wand of paralysis (17/24)
Potions
 i - a potion of magic {unknown}
 m - 2 potions of flight
 s - 2 potions of ambrosia {unknown}
Books
 e - a book of Geomancy

   Spells                             Type                      Level
   a - Sandblast                      Earth                        1
   b - Passwall                       Transmutation/Earth          2
   c - Stone Arrow                    Conjuration/Earth            3
   d - Petrify                        Transmutation/Earth          4
   e - Lee's Rapid Deconstruction     Earth                        5
 r - a book of Minor Magic

   Spells                             Type                      Level
   a - Magic Dart                     Conjuration                  1
   b - Blink                          Translocation                2
   c - Call Imp                       Summoning                    2
   d - Slow                           Hexes                        2
   e - Conjure Flame                  Conjuration/Fire             3
   f - Mephitic Cloud                 Conjuration/Poison/Air       3
Comestibles
 d - 3 bread rations
 h - a royal jelly
 k - 3 fruits


   Skills:
 - Level 1.5 Dodging
 - Level 2.1 Stealth
 + Level 3.8 Spellcasting
 + Level 3.1 Conjurations
   Level 0.7 Transmutations
 + Level 5.7 Earth Magic


You had 8 spell levels left.
You knew the following spells:

 Your Spells              Type           Power        Failure   Level  Hunger
a - Sandblast             Erth           ###...       1%          1    None
b - Stone Arrow           Conj/Erth      ###...       10%         3    ###....


Dungeon Overview and Level Annotations

Branches:
Dungeon (4/15)
 Temple: D:4-7

Altars:
Qazlal
Vehumet


Innate Abilities, Weirdness & Mutations

You are resistant to torment.
Your stone body is resilient. (AC +4)
You are immune to poison.
You resist negative energy. (rN+)
You are resistant to electric shocks. (rElec)
You can survive without breathing.
You are immune to petrification.
You are immune to rotting.


Message History

A jackal comes into view.
You barely miss the gnoll.
The jackal barks!
You hear a bark!
The jackal moves out of view.
The gnoll misses you.
You hit the gnoll.
The gnoll is moderately wounded.
The gnoll barely misses you.
It was a potion of flight.
You feel very buoyant.
You fly up into the air.
The gnoll closely misses you.
A jackal comes into view.
You closely miss the gnoll.
The gnoll is moderately wounded.
The gnoll hits you with an enchanted halberd!
* * * LOW HITPOINT WARNING * * *
You barely miss the gnoll.
The gnoll is moderately wounded.
The jackal barks!
The gnoll hits you with an enchanted halberd!
You die...

#..........## #.# #..#.##
#.........)# #.####.(...
#..........### #..# #.....
####.........#######.###.#.##
#.........##..........#...
#.........##.#####.####..#
##...........#####..##...#
#.......###......#.##.#.#
#.....).@gh..###...#..#.#
#####.)###.#.# ##....##.#
##)## ..h ##..###.# #..#
#.#.h ......#.# #g.# .#
##........# #..# .#
#.......## #g.# . ....#.....
#..# g ....##...## #..# .....
....


You could see a gnoll and 3 jackals.

Vanquished Creatures
  A scorpion (D:4)
  2 howler monkeys (D:4)
  An iguana (D:4)
  3 gnolls (D:4)
  3 adders (D:3)
  An adder skeleton (D:4)
  3 worms
  2 dart slugs (D:1)
  2 leopard geckos
  3 giant cockroaches
  10 goblins
  8 hobgoblins
  2 jackals (D:3)
  A quokka (D:3)
  3 bats
  4 frilled lizards
  5 kobolds
  7 rats
61 creatures vanquished.

Notes
Turn   | Place    | Note
-------+----------+-------------------------------------------
     0 | D:1      | kae the Gargoyle Earth Elementalist began the quest for the Orb.
     0 | D:1      | Reached XP level 1. HP: 10/10 MP: 3/3
   563 | D:1      | Reached skill level 4 in Earth Magic
   563 | D:1      | Reached XP level 2. HP: 15/15 MP: 5/5
  1370 | D:1      | Reached XP level 3. HP: 13/19 MP: 6/6
  1377 | D:1      | Learned a level 3 spell: Stone Arrow
  2123 | D:2      | Found a radiant altar of Vehumet.
  2172 | D:2      | Became a worshipper of Vehumet
  2439 | D:2      | Found a stormy altar of Qazlal.
  2590 | D:3      | Reached skill level 1 in Conjurations
  2766 | D:3      | Reached XP level 4. HP: 20/24 MP: 8/8
  2869 | D:3      | Reached * piety under Vehumet
  2869 | D:3      | Offered knowledge of Shock by Vehumet.
  3588 | D:4      | Reached skill level 5 in Earth Magic
  3588 | D:4      | Reached XP level 5. HP: 28/28 MP: 0/9
  3834 | D:4      | Reached XP level 6. HP: 20/32 MP: 2/11
  3852 | D:4      | Mangled by a gnoll

Vault maps used:
D:1:      erik_arrival_cave_to_civilisation
D:2:      nicolae_overflow_hidden_temple, fiery_altar_vehumet
D:3:      mumra_celtic_spiral_tile, first_bread
D:4:      nicolae_ossuary_entry_monument, gup_sewer_entry_pipe, uniq_sigmund

Skill      XL: |  1  2  3  4  5  6 |
---------------+-------------------+-----
Earth Magic    | 4 5 |  5.7
Conjurations   | 1 2 3 |  3.1
Spellcasting   | 3 |  3.8
Dodging        | |  1.5
Stealth        | |  2.1
Transmutations | |  0.7

Action                   |  1- 3 |  4- 6 || total
-------------------------+-------+-------++-------
Melee: Unarmed           |     8 |       ||     8
       Club              |   116 |    86 ||   202
 Cast: Sandblast         |    29 |    30 ||    59
       Stone Arrow       |     1 |     7 ||     8
  Use: Scroll            |     7 |     1 ||     8
       Potion            |       |     5 ||     5
 Stab: Sleeping          |     3 |     1 ||     4
  Eat: Chunk             |     4 |     6 ||    10
       Fruit             |     1 |       ||     1
Armor: Robe              |    50 |    50 ||   100
Dodge: Dodged            |    90 |    88 ||   178

Table legend:
 A = Spawn XP
 B = Non-spawn XP
 C = Spawn XP percentage of total XP
 D = Spawn monster count
 E = Non-spawn monster count
 F = Spawn count percentage of total count
 G = Total turns spent on level
                    A         B        C        D         E        F      G
               +---------+---------+-------+---------+---------+-------+---------
         Total |       0 |     393 |   0.0 |       0 |      61 |   0.0 |  3852
               +---------+---------+-------+---------+---------+-------+---------
           D:1 |       0 |      39 |   0.0 |       0 |      23 |   0.0 |  1921
           D:2 |       0 |      15 |   0.0 |       0 |       6 |   0.0 |   667
           D:3 |       0 |      80 |   0.0 |       0 |      23 |   0.0 |  1011
           D:4 |       0 |     259 |   0.0 |       0 |       9 |   0.0 |   253
               +---------+---------+-------+---------+---------+-------+---------
